 Dungeon Crawl Stone Soup version 0.19.5 (webtiles) character file.

163 tricornhat the Slasher (level 5, -10/38 HPs)
             Began as a Demonspawn Gladiator on Mar 9, 2017.
             Mangled by an orc warrior
             ... wielding a +0 short sword
              (12 damage)
             ... on level 3 of the Dungeon.
             The game lasted 00:16:27 (2968 turns).

tricornhat the Slasher (Demonspawn Gladiator)       Turns: 2968, Time: 00:16:30

Health: -10/38     AC:  5    Str: 15    XL:     5   Next: 20%
Magic:  5/5        EV: 13    Int:  9    God:
Gold:   94         SH:  0    Dex: 17    Spells: 0 memorised, 4 levels left

rFire  . . .     SeeInvis .     a - +0 long sword
rCold  . . .     Gourm    .     b - +0 leather armour
rNeg   . . .     Faith    .     (no shield)
rPois  .         Spirit   .     l - +0 helmet
rElec  .         Reflect  .     p - +0 cloak
rCorr  .         Harm     .     (no gloves)
MR     .....                    (no boots)
Stlth  ++........               (no amulet)
                                (no ring)
                                (no ring)

@: lethally poisoned (-10 -> -10)
A: claws 1, thin skeletal structure 1, powered by death 1
a: no special abilities


You were on level 3 of the Dungeon.
You were not hungry.

You visited 1 branch of the dungeon, and saw 3 of its levels.

You collected 94 gold pieces.

Inventory:

Hand Weapons
 a - a +0 long sword (weapon)
Missiles
 d - 3 throwing nets (quivered)
Armour
 b - a +0 leather armour (worn)
 c - a +0 helmet
 l - a +0 helmet (worn)
 p - a +0 cloak (worn)
Jewellery
 j - an uncursed ring of resist corrosion
 k - a cursed ring of teleportation
 n - an uncursed ring of see invisible {unknown}
 o - an uncursed amulet of harm {unknown}
Scrolls
 m - 2 scrolls of enchant armour {unknown}
 q - a scroll of magic mapping {unknown}
Potions
 h - 2 potions of brilliance
Comestibles
 f - a bread ration


   Skills:
 + Level 2.0 Fighting
 + Level 3.9 Long Blades
 + Level 1.9 Throwing
 + Level 1.7 Armour
 + Level 3.6 Dodging
 + Level 1.1 Stealth


You had 4 spell levels left.
You didn't know any spells.

Dungeon Overview and Level Annotations

Branches:
Dungeon (3/15)

Altars:


Innate Abilities, Weirdness & Mutations

You have sharp fingernails.
You have a somewhat thin skeletal structure. (Dex +2, Stealth)
You regenerate a little health from kills.


Message History

You feel sick. The adder closely misses you. x2
You completely miss the adder.
The adder is almost dead.
You feel sick. The adder barely misses you.
You barely miss the adder.
The adder is almost dead.
The adder bites you but does no damage. The adder barely misses you.
You riposte.
You hit the adder.
You kill the adder!
You feel sick.
The orc warrior hits you with a short sword!
Things that are here:
a ring mail; an orc corpse You hit the orc warrior but do no damage.
You feel sick.
The orc warrior hits you with a short sword!
* * * LOW HITPOINT WARNING * * *
The hound pauses to sniff the ground.
The orc warrior hits you with a short sword!
You die...

###.###.................# #
#..............####.#.#.#.#
#.................#.....#.###
###.###........#.##..).......
#.# ##.#'#<.....#.....#####
#.# #.#.#h..#..#.....#####
#.# #.#.#o#.# ##..........
#.# #.#o#o#.........###### #.
#.#.#@# #####..>...... #o#.#
#....##### #.#.# #....# #o#.#
#..### #.#.#######..
..#.......# #########.# ###.#
#...##########


You could see an orc warrior, a hound and an orc.

Vanquished Creatures
  A hound (D:3)
  A gnoll (D:3)
  4 adders
  3 oozes
  2 worms
  3 dart slugs
  5 orcs (D:3)
  5 bats
  5 giant cockroaches
  6 goblins
  4 hobgoblins
  5 jackals (D:3)
  4 kobolds
  A quokka (D:2)
  2 frilled lizards
  7 rats
  A bush (D:2)
  A plant (D:2)
60 creatures vanquished.

Notes
Turn   | Place    | Note
-------+----------+-------------------------------------------
     0 | D:1      | tricornhat the Demonspawn Gladiator began the quest for the Orb.
     0 | D:1      | Reached XP level 1. HP: 16/16 MP: 1/1
   254 | D:1      | Gained mutation: You regenerate a little health from kills. [demonic ancestry]
   254 | D:1      | Reached XP level 2. HP: 22/22 MP: 2/2
   792 | D:2      | Found a faded altar of an unknown god.
   977 | D:2      | Gained mutation: You have a somewhat thin skeletal structure. (Dex +2, Stealth) [demonic ancestry]
   977 | D:2      | Reached XP level 3. HP: 27/27 MP: 3/3
  1448 | D:2      | Reached skill level 1 in Armour
  1825 | D:3      | Gained mutation: You have sharp fingernails. [demonic ancestry]
  1825 | D:3      | Reached XP level 4. HP: 32/33 MP: 4/4
  2419 | D:3      | Reached skill level 1 in Stealth
  2549 | D:3      | Noticed an orc warrior
  2883 | D:3      | Reached XP level 5. HP: 38/38 MP: 5/5
  2968 | D:3      | Mangled by an orc warrior

Skill      XL: |  1  2  3  4 |
---------------+-------------+-----
Dodging        | 3 |  3.6
Long Blades    | 3 |  3.9
Armour         | 1 |  1.7
Stealth        | 1 |  1.1
Fighting       | |  2.0
Throwing       | |  1.9

Action                   |  1- 3 |  4- 6 || total
-------------------------+-------+-------++-------
Melee: Long sword        |   208 |   103 ||   311
  Use: Scroll            |       |     5 ||     5
       Potion            |       |     3 ||     3
 Stab: Sleeping          |     2 |     3 ||     5
  Eat: Beef jerky        |     2 |       ||     2
       Fruit             |       |     3 ||     3
       Pizza             |       |     1 ||     1
Armor: Leather armour    |    29 |    24 ||    53
Dodge: Dodged            |    73 |    84 ||   157
       Rpst.: Long sword |    26 |    23 ||    49
